 Seeded DCSS version 0.28-a0-1638-g9123634e07 (webtiles) character file.

Game seed: 20220105 (custom seed)

126425 a11behringer the Minotaur Blade (level 16, -13/151 HPs)
             Began as a Minotaur Berserker on Jan 19, 2022.
             Was the Champion of Trog.
             Killed from afar by a will-o-the-wisp (16 damage)
             ... with a foxfire
             ... on level 1 of the Swamp on Jan 25, 2022.
             The game lasted 01:37:05 (28910 turns).

a11behringer the Minotaur Blade (MiBe)             Turns: 28910, Time: 01:37:06

Health: -13/151    AC: 25    Str: 29    XL:     16   Next: 43%
Magic:  0/15       EV: 19    Int:  8    God:    Trog [******]
Gold:   1918       SH:  0    Dex: 24    Spells: 15/15 levels left

rFire   . . .      SeeInvis .   G - +7 triple sword (holy)
rCold   + + .      Faith    .   (shield currently unavailable)
rNeg    . . .      Spirit   +   z - +3 chain mail {rPois}
rPois   +          Reflect  .   (helmet restricted)
rElec   +          Harm     .   f - +2 cloak {rCorr}
rCorr   +          Rampage  .   F - +2 pair of gloves {Dex+3}
Will    +++..                   q - +0 pair of boots of Context {rElec Str+3 Int+4 Dex+4}
Stlth   ..........              U - amulet of guardian spirit
HPRegen 1.35/turn               m - ring of protection from cold
MPRegen 0.14/turn               E - ring "Riudop" {rElec rC+ EV+4 Str-4 Dex+7}

@: strong-willed, regenerating, very slow
A: horns 2, retaliatory headbutt
a: Renounce Religion, Berserk, Trog's Hand, Brothers in Arms


You were on level 1 of the Swamp.
You worshipped Trog.
Trog was exalted by your worship.
You visited 5 branches of the dungeon, and saw 25 of its levels.
You also visited: Sewer, Bailey and Ice Cave.

You collected 2470 gold pieces.
You spent 552 gold pieces at shops.

Inventory:

Hand Weapons
 c - a +3 great sword of flaming
 w - a +5 antimagic great sword
 G - a +7 triple sword of holy wrath (weapon)
 T - the +4 triple sword of Niag {chaos, Will++}
   (You found it on level 5 of the Dungeon)

   Each time it hits an enemy it has a different, random effect.
   Will:      It greatly increases your willpower.
 Y - the +2 Maxwell's thermic engine {flame, freeze}
   (You found it in an ice cave)

   It burns those it strikes, dealing additional fire damage.
   Big, fiery blades are also staple armaments of hydra-hunters.
   It freezes those it strikes, dealing additional cold damage.
   It can also slow down cold-blooded creatures.
   It becomes more effective when it hits something.
   This effect fades over time.
 Z - a +0 shortbow of freezing
Missiles
 d - 785 arrows
Armour
 f - a +2 cloak of preservation (worn)
 i - a +4 scale mail of cold resistance
 l - a +2 tower shield of cold resistance
 q - the +0 pair of boots of Context (worn) {rElec Str+3 Int+4 Dex+4}
   (You found it on level 15 of the Dungeon)

   Str:       It affects your strength (+3).
   Int:       It affects your intelligence (+4).
   Dex:       It affects your dexterity (+4).
   rElec:     It insulates you from electricity.
 z - a +3 chain mail of poison resistance (worn)
 C - a +0 plate armour
 F - a +2 pair of gloves of dexterity (worn)
 Q - a +1 kite shield of cold resistance
Jewellery
 m - a ring of protection from cold (left hand)
 u - a ring of see invisible
 y - a +6 ring of dexterity
 E - the ring "Riudop" (right hand) {rElec rC+ EV+4 Str-4 Dex+7}
   (You found it in a bailey)

   [ring of evasion]

   EV:        It affects your evasion (+4).
   Str:       It affects your strength (-4).
   Dex:       It affects your dexterity (+7).
   rC:        It protects you from cold.
   rElec:     It insulates you from electricity.
 H - a ring of ice
 U - an amulet of guardian spirit (around neck)
 V - a ring of flight
 W - a +4 ring of evasion
Wands
 b - a wand of flame (26)
 g - a wand of paralysis (4)
 r - a wand of iceblast (16)
 A - a wand of polymorph (10)
 L - a wand of charming (5)
 S - a wand of digging (10)
Scrolls
 a - 2 scrolls of magic mapping
 h - 6 scrolls of teleportation
 k - 11 scrolls of identify
 n - 6 scrolls of enchant armour
 o - 3 scrolls of vulnerability
 s - a scroll of holy word
 x - a scroll of blinking
 D - 3 scrolls of immolation
 I - a scroll of silence
 O - 2 scrolls of fear
Potions
 e - 2 potions of might
 j - 6 potions of ambrosia
 p - 2 potions of resistance
 t - 7 potions of curing
 v - 2 potions of flight
 B - a potion of cancellation
 P - 2 potions of haste
 R - 5 potions of attraction
 X - a potion of invisibility
Miscellaneous
 K - a phial of floods
 M - a piece from Xom's chessboard (15/15)
 N - a tin of tremorstones (2/2)


   Skills:
 + Level 16.2 Fighting
 + Level 25.2 Long Blades
 - Level 6.0 Bows
 * Level 14.3 Armour
 + Level 8.4 Dodging
 * Level 5.1 Evocations


You had 15 spell levels left.
You didn't know any spells.
Your spell library was empty.

Dungeon Overview and Level Annotations

Branches:
Dungeon (15/15)            Temple (0/1) D:5            Lair (6/6) D:8
  Swamp (1/4) Lair:3       Spider (0/4) Lair:3        Slime (1/5) Lair:5
    Orc (2/2) D:12            Elf (0/3) Orc:2        Vaults (0/5) D:13
 Depths (0/4) D:15          Sewer (visited)          Bailey (visited)
  IceCv (visited)

Altars:
Ashenzari
Makhleb
Beogh
Lugonu

Shops:
D:15 =   Orc:1 ?   Orc:2 *=*[

Portals:
Hell: Lair:6
Abyss: D:4 Orc:1

Annotations:
Swamp:1 2 transporters, RBrandon's ghost, adept TrAM
Orc:1 2 transporters, miscthings's ghost, journeyman DgAr


Innate Abilities, Weirdness & Mutations

You have a pair of horns on your head.
You reflexively headbutt those who attack you in melee.


Message History

You hear a splash.
You are engulfed in a cloud of scalding steam.
* * * LOW HITPOINT WARNING * * *
A spriggan druid comes into view. It is wielding a +0 quarterstaff.
Your unstable footing causes you to fumble your attack.
You are engulfed in a cloud of scalding steam.
An eight-headed hydra comes into view.
The bloated husk explodes!
The blast of putrescent gases engulfs you!!
* * * LOW HITPOINT WARNING * * *
Unknown command.
You feel much better. The swamp drake breathes poison at you.
The noxious blast engulfs you but does no damage.
You resist.
The will-o-the-wisp gestures.
The will-o-the-wisp conjures some foxfire! 2 foxfires come into view.
Unknown command.
The foxfire hits you.
* * * LOW HITPOINT WARNING * * *
The foxfire hits you!!
* * * LOW HITPOINT WARNING * * *
The will-o-the-wisp gestures.
The will-o-the-wisp conjures some foxfire! 2 foxfires come into view.
Unknown command.
You slice the swamp drake!!
The swamp drake is severely wounded.
You are engulfed in a cloud of scalding steam.
The foxfire hits you but does no damage.
The swamp drake breathes poison at you.
The noxious blast engulfs you but does no damage.
You resist.
Unknown command.
You chop the swamp drake into pieces!!!
You kill the swamp drake!
Trog accepts your kill. The foxfire hits you!
You die...

♣♣.. .♣n.. ♣≈.≈ ...§♣♣♣
...... ♣♣♣.≈≈#...
.≈≈§≈/♣♣..≈≈≈≈...
≈≈≈≈≈..≈.≈§≈....
♣).≈§≈≈§≈≈...≈§≈.#
♣..≈≈≈≈≈≈≈i≈○§v○.#
♣..≈≈≈.≈≈≈≈○○v○○.#
♣≈≈≈≈..≈≈.○≈@≈≈§#..#
♣...♣≈.....≈)≈≈≈...
♣♣♣♣♣♣..♣♣♣♣♣≈≈†≈≈≈≈.≈≈.
(...............D...≈:.♣
.............≈≈≈≈≈.>..≈♣
###########..♣≈≈≈....≈♣♣
.... #...>..♣♣♣≈♣♣ .....
.#..≈..≈♣ ♣♣ y###.
.:#..♣...♣


You could see an eight-headed hydra, a spriggan druid and a will-o-the-wisp.

Vanquished Creatures
  Rupert (Lair:5)
  An acid blob (Slime:1)
  Frances (D:14)
  3 orc warlords
  A stone giant (D:15)
  A dire elephant (Lair:6)
  8 vault guards (D:13)
  3 boulder beetles
  15 hydras
  Erica (D:9)
  2 catoblepae
  2 death knights
  An ogre mage (D:15)
  8 centaur warriors
  2 tengu warriors
  A death yak (Lair:5)
  4 orc high priests (Orc:2)
  12 two-headed ogres
  A hell knight (D:15)
  A sun demon (Lair:6)
  Urug (D:12)
  2 skeletal warriors
  A deep troll (D:15)
  3 wizards
  A phantasmal warrior (D:15)
  A harpy (shapeshifter) (D:14)
  A lindwurm (Lair:6)
  A necromancer (IceCv)
  3 orc knights (Orc:2)
  An ugly thing (D:14)
  5 orc sorcerers (Orc:2)
  2 manticores
  3 cyclopes
  Maurice (D:9)
  9 black mambas
  A torpor snail (Lair:6)
  A smoke demon (Lair:6)
  18 elephants
  An ice statue (IceCv)
  17 cane toads
  2 orange demons (Lair:6)
  Psyche (D:12)
  3 kobold demonologists
  2 unseen horrors
  13 komodo dragons
  4 efreet
  7 rime drakes
  12 ice devils
  2 anaconda simulacra (IceCv)
  6 freezing wraiths
  2 entropy weaver simulacra (IceCv)
  A tengu conjurer (D:15)
  2 red devils (Lair:6)
  6 meliai
  11 trolls
  2 polar bears
  Grinder (D:6)
  20 blink frogs
  6 slime creatures (D:15)
  A hornet (Swamp:1)
  3 dire elephant simulacra (IceCv)
  A spriggan (Swamp:1)
  56 yaks
  5 wraiths
  A shadow (D:13)
  3 water elementals (D:14)
  2 basilisks
  5 wyverns
  4 death yak simulacra
  A steam dragon (D:8)
  A redback (Lair:3)
  A swamp worm (Swamp:1)
  A harpy simulacrum (IceCv)
  9 vampire mosquitoes
  2 wargs (Orc:2)
  2 acid dragons
  4 hell hounds (Lair:6)
  19 water moccasins
  57 orc warriors
  An ice beast (D:8)
  A swamp drake (Swamp:1)
  5 black bears
  11 ogres
  4 boggarts (D:15)
  33 centaurs
  13 wolves
  2 phantoms (D:5)
  2 kobold brigands
  16 bullfrogs
  2 two-headed ogre simulacra (IceCv)
  A wyvern zombie (D:8)
  2 gnoll sergeants
  8 cane toad simulacra
  A water moccasin skeleton (D:6)
  5 killer bees (D:8)
  2 wights (D:5)
  A howler monkey (D:9)
  6 elephant simulacra
  2 electric eels
  A bullfrog zombie (D:5)
  3 centaur zombies
  4 hounds
  A centaur skeleton (D:5)
  34 orc priests
  4 iguanas
  A jelly (D:4)
  24 orc wizards
  Terence (D:2)
  Natasha (thrice) (D:3)
  17 hell rats
  5 polar bear simulacra
  2 spriggan simulacra (IceCv)
  A killer bee zombie (D:8)
  2 wolf simulacra (IceCv)
  2 howler monkey zombies
  2 howler monkey skeletons (D:7)
  6 adders
  8 gnolls
  A naga simulacrum (IceCv)
  2 river rats (D:6)
  4 white imps
  An ufetubus (D:7)
  An adder skeleton (D:4)
  2 worms (D:2)
  132 orcs
  3 bats
  7 endoplasms
  4 giant cockroaches
  5 goblins
  8 hobgoblins
  6 jackals
  23 kobolds
  5 quokkas
  7 ball pythons
  4 frilled lizards
  4 rats
881 creatures vanquished.

Vanquished Creatures (others)
  A ghost crab (Swamp:1)
  2 bloated husks (Swamp:1)
  A swamp worm (Swamp:1)
  A boggart (D:15)
  2 orc wizards
  A bush (Lair:2)
  5 foxfires (Swamp:1)
  17 fungi
  A lurking horror (D:4)
  63 plants
94 creatures vanquished.

Grand Total: 975 creatures vanquished

Notes
Turn   | Place    | Note
-------+----------+-------------------------------------------
     0 | D:1      | a11behringer the Minotaur Berserker began the quest for the
                  | Orb.
     0 | D:1      | Reached XP level 1. HP: 19/19 MP: 0/0
    94 | D:1      | Found a faded altar of an unknown god.
   224 | D:1      | Reached skill level 4 in Long Blades
   231 | D:1      | Reached XP level 2. HP: 25/27 MP: 1/1
   611 | D:1      | Reached ** piety under Trog
   655 | D:1      | Reached XP level 3. HP: 33/33 MP: 2/2
   844 | D:2      | Noticed Terence
   848 | D:2      | Killed Terence
   849 | D:2      | Reached skill level 5 in Long Blades
   964 | D:2      | Reached XP level 4. HP: 40/41 MP: 3/3
  1364 | D:3      | Noticed Natasha
  1373 | D:3      | Killed Natasha
  1669 | D:3      | Identified the +4 dagger "Tormentor" {flame, rElec Int+2}
  1743 | D:3      | Noticed Natasha
  1749 | D:3      | Killed Natasha
  1750 | D:3      | Reached skill level 6 in Long Blades
  1750 | D:3      | Reached XP level 5. HP: 47/47 MP: 4/4
  1755 | D:3      | Noticed Natasha
  1763 | D:3      | Killed Natasha
  2316 | D:4      | Found a corrupted altar of Lugonu.
  2324 | D:4      | Reached skill level 7 in Long Blades
  2462 | D:4      | Found a one-way gate to the infinite horrors of the Abyss.
  2590 | D:4      | Reached XP level 6. HP: 50/53 MP: 5/5
  2983 | D:5      | Entered Level 5 of the Dungeon
  3222 | D:5      | Reached *** piety under Trog
  3560 | D:5      | Reached skill level 8 in Long Blades
  3732 | D:5      | Reached XP level 7. HP: 60/60 MP: 6/6
  3783 | D:5      | Reached skill level 5 in Fighting
  3836 | D:5      | Reached skill level 9 in Long Blades
  3837 | D:5      | Reached skill level 5 in Armour
  3859 | D:5      | Reached XP level 8. HP: 34/68 MP: 7/7
  4096 | D:5      | Found a staircase to the Ecumenical Temple.
  4212 | D:5      | Reached skill level 10 in Long Blades
  4869 | D:6      | Noticed Grinder
  4869 | D:6      | Paralysed by Grinder for 2 turns
  4875 | D:6      | Killed Grinder
  4876 | D:6      | Reached skill level 11 in Long Blades
  4896 | D:6      | Found a glowing drain.
  4909 | Sewer    | Entered a sewer
  5388 | D:6      | Reached XP level 9. HP: 75/75 MP: 8/8
  5464 | D:6      | Found a burning altar of Makhleb.
  6044 | D:7      | Reached skill level 12 in Long Blades
  6505 | D:8      | Reached **** piety under Trog
  6830 | D:8      | Reached skill level 13 in Long Blades
  6954 | D:8      | Found a flagged portal.
  6960 | D:8      | Identified the +9 spear of Dufuuss {venom, rElec}
  6964 | Bailey   | Entered a bailey
  7006 | Bailey   | Reached skill level 1 in Bows
  7739 | Bailey   | Reached XP level 10. HP: 63/84 MP: 9/9
  8226 | Bailey   | Reached skill level 5 in Bows
  8290 | Bailey   | Identified the ring "Riudop" {rElec rC+ EV+4 Str-4 Dex+7}
  8732 | D:8      | Noticed an elephant
  8747 | D:8      | Killed an elephant
  8757 | D:8      | Reached skill level 14 in Long Blades
  8759 | D:8      | Found a staircase to the Lair.
  9516 | D:9      | Noticed Maurice
  9523 | D:9      | Killed Maurice
  9691 | D:9      | Noticed Erica
  9707 | D:9      | Killed Erica
 10008 | D:10     | Entered Level 10 of the Dungeon
 10027 | D:10     | Reached ***** piety under Trog
 10028 | D:10     | Reached skill level 15 in Long Blades
 10039 | D:10     | Reached XP level 11. HP: 68/94 MP: 10/10
 10667 | D:10     | Identified the +8 war axe "Awnyas" {pain, Str+2 Int+2}
 10972 | D:11     | Reached skill level 16 in Long Blades
 11582 | D:5      | Identified the +4 triple sword of Niag {chaos, Will++}
 11674 | Lair:1   | Entered Level 1 of the Lair of Beasts
 11699 | Lair:1   | Noticed an eight-headed hydra
 11709 | Lair:1   | Killed a three-headed hydra
 11922 | Lair:1   | Received a gift from Trog
 11928 | Lair:1   | Reached skill level 17 in Long Blades
 12061 | Lair:1   | Reached skill level 5 in Dodging
 13499 | D:12     | Noticed Psyche
 13503 | D:12     | Killed Psyche
 13516 | D:12     | Noticed a two-headed ogre
 13522 | D:12     | Killed a two-headed ogre
 13523 | D:12     | Reached XP level 12. HP: 85/105 MP: 9/11
 13618 | D:12     | Noticed Urug
 13627 | D:12     | Killed Urug
 13640 | D:12     | Reached skill level 18 in Long Blades
 13647 | D:12     | Reached skill level 10 in Armour
 13687 | D:12     | Found a staircase to the Orcish Mines.
 14521 | Orc:1    | Entered Level 1 of the Orcish Mines
 14522 | Orc:1    | Noticed an orc warlord
 14823 | Orc:1    | Killed an orc warlord
 14969 | Orc:2    | Entered Level 2 of the Orcish Mines
 14973 | Orc:2    | Received a gift from Trog
 14974 | Orc:2    | Reached skill level 19 in Long Blades
 14992 | Orc:2    | Reached skill level 10 in Fighting
 14992 | Orc:2    | Noticed a two-headed ogre
 14996 | Orc:2    | Killed a two-headed ogre
 15009 | Orc:2    | Noticed a two-headed ogre
 15012 | Orc:2    | Noticed a two-headed ogre
 15015 | Orc:2    | Killed a two-headed ogre
 15018 | Orc:2    | Killed a two-headed ogre
 15189 | Orc:1    | Found Imuig's Magic Scroll Shoppe.
 15194 | Orc:1    | Found a transporter.
 15432 | Orc:1    | Found a transporter.
 15443 | Orc:1    | Noticed miscthings's ghost (journeyman DgAr)
 15545 | Orc:1    | Noticed a hell hog
 15722 | Orc:2    | Noticed a two-headed ogre
 15728 | Orc:2    | Killed a two-headed ogre
 16166 | Orc:2    | Reached skill level 20 in Long Blades
 16312 | Orc:2    | Noticed an orc warlord
 16316 | Orc:2    | Noticed an orc high priest
 16316 | Orc:2    | Noticed an orc high priest
 16329 | Orc:2    | Noticed an orc high priest
 16329 | Orc:2    | Noticed an orc high priest
 16352 | Orc:2    | Found Ziesik's General Store.
 16372 | Orc:2    | Bought a +2 pair of gloves of dexterity for 322 gold pieces
 16391 | Orc:2    | Killed an orc high priest
 16393 | Orc:2    | Reached XP level 13. HP: 39/114 MP: 1/12
 16818 | Orc:2    | Received a gift from Trog
 17122 | Orc:2    | Killed an orc warlord
 17346 | Orc:2    | Found Biqoz's Antique Armour Shoppe.
 17360 | Orc:2    | Bought a glowing cloak for 202 gold pieces
 17458 | Orc:2    | Found a staircase to the Elven Halls.
 17781 | Orc:2    | Paralysed by an orc sorcerer for 2 turns
 17786 | Orc:2    | Reached skill level 21 in Long Blades
 18012 | Orc:2    | Found Deem's Jewellery Emporium.
 18037 | Orc:2    | Found Veifaimask's Assorted Antiques.
 18037 | Orc:2    | Noticed an orc warlord
 18042 | Orc:2    | Killed an orc warlord
 18053 | Orc:2    | Bought a scroll labelled IFAOD LERCHEMAPH for 28 gold
                  | pieces
 18854 | D:13     | Found a gate to the Vaults.
 18870 | D:13     | Reached skill level 22 in Long Blades
 19532 | D:14     | Reached XP level 14. HP: 119/126 MP: 11/13
 19682 | D:14     | Noticed Frances
 19700 | D:14     | Killed Frances
 20534 | D:14     | Reached skill level 23 in Long Blades
 20637 | D:14     | Received a gift from Trog
 21047 | D:15     | Entered Level 15 of the Dungeon
 21489 | D:15     | Found Umynuis's Jewellery Emporium.
 21499 | D:15     | Identified the +0 pair of boots of Context {rElec Str+3
                  | Int+4 Dex+4}
 21842 | D:15     | Noticed a stone giant
 21849 | D:15     | Killed a stone giant
 21857 | D:15     | Found a staircase to the Depths.
 22194 | D:15     | Upgraded the game from 0.28-a0-1555-g9ae15a6949 to
                  | 0.28-a0-1638-g9123634e07
 22520 | Lair:2   | Reached XP level 15. HP: 126/138 MP: 12/14
 22588 | Lair:2   | Reached skill level 24 in Long Blades
 22964 | Lair:2   | Reached skill level 1 in Evocations
 23724 | Lair:3   | Found a staircase to the Swamp.
 23773 | Lair:3   | Reached ****** piety under Trog
 24346 | Lair:3   | Found a hole to the Spider Nest.
 24608 | Lair:4   | Received a gift from Trog
 24687 | Lair:4   | Found a broken altar of Ashenzari.
 25316 | Lair:5   | Reached skill level 15 in Fighting
 25631 | Lair:5   | You fall into a shaft and drop 1 floor!
 25631 | Lair:6   | Entered Level 6 of the Lair of Beasts
 25778 | Lair:6   | Found a burning altar of Makhleb.
 25801 | Lair:6   | Found a gateway to Hell.
 26060 | Lair:6   | Found a frozen archway.
 26074 | IceCv    | Entered an ice cave
 26082 | IceCv    | Received a gift from Trog
 26398 | IceCv    | Found an ancient bone altar of Kikubaaqudgha.
 26756 | IceCv    | Reached XP level 16. HP: 140/150 MP: 15/15
 26776 | IceCv    | Found the +2 Maxwell's thermic engine {flame, freeze}
 26986 | Lair:6   | Received a gift from Trog
 27362 | Lair:6   | Reached skill level 25 in Long Blades
 28456 | Lair:5   | Received a gift from Trog
 28518 | Lair:5   | Noticed Rupert
 28518 | Lair:5   | Paralysed by Rupert for 2 turns
 28529 | Lair:5   | Killed Rupert
 28530 | Lair:5   | Reached skill level 5 in Evocations
 28752 | Lair:5   | Found a staircase to the Slime Pits.
 28765 | Slime:1  | Entered Level 1 of the Pits of Slime
 28765 | Slime:1  | Noticed an acid blob
 28776 | Slime:1  | Killed an acid blob
 28862 | Swamp:1  | Entered Level 1 of the Swamp
 28862 | Swamp:1  | Noticed RBrandon's ghost (adept TrAM)
 28862 | Swamp:1  | Found a transporter.
 28862 | Swamp:1  | Found a transporter.
 28906 | Swamp:1  | HP: 5/151 [spore (21)]
 28908 | Swamp:1  | HP: 2/151 [will-o-the-wisp/foxfire (29)]
 28910 | Swamp:1  | Killed from afar by a will-o-the-wisp

Illustrated notes

Levels and vault maps discovered:
D:1:      dpeg_arrival_shelter, layout_basic, ebering_ecumenical_altar_mist
D:2:      layout_basic, uniq_terence
D:3:      layout_loops_ring, uniq_natasha
D:4:      layout_basic, amcnicky_altar_lugonu_corruption
D:5:      layout_basic, temple_hall_moat, sword_in_stone
D:6:      layout_gridville, makhleb_blood_cavern_becter, portal_sewer_entry_b,
          uniq_grinder
D:7:      layout_loops_ring
D:8:      layout_loops_ring, david_lair_generic, enter_bailey_2,
          minmay_starry_boxes
D:9:      layout_long_grid, uniq_maurice, uniq_erica
D:10:     layout_loops_ring
D:11:     layout_loops_corners
D:12:     layout_loops_cross, david_orc_5, uniq_urug, uniq_psyche
D:13:     layout_loops_ring, erik_vaults_2
D:14:     layout_irregular_city, serial_bayou, serial_bayou_ford_a,
          serial_bayou_pond_d, serial_bayou_lagoon_a, serial_bayou_pond_b,
          uniq_frances
D:15:     hangedman_depths_entry_civil_slaughter, layout_cave_pools,
          serial_shops, shop_statue, serial_park_square1
          [serial_park_minivault_5x5_6], small_statue_intersection
Lair:1:   layout_hall_layers, st_stairs_5, minivault_19, grunt_megastairs_3,
          lemuel_fruit_tree, infiniplex_staircase_pool_2
Lair:2:   layout_regular_city, beast_lair_carwin_10
Lair:3:   layout_layer_cave, minmay_swamp_entry_swarm, spider_nest_entry_rubble
Lair:4:   layout_hall_layers, basic_altar, serial_bayou_shore_a
Lair:5:   layout_hall_layers, slime_dummy, chequers_serial_rivers_micro_d,
          nicolae_lair_yak_garden, infiniplex_staircase_pool, uniq_rupert
Lair:6:   evil_forest, layout_cave_pods, portal_ice_cave_entry_ice_simulacra,
          chequers_serial_rivers_room_a
Swamp:1:  layout_basic_swamp, gammafunk_ghost_mausoleum,
          evilmike_swamp_ruin_house_6
Slime:1:  layout_caves
Orc:1:    layout_diamond_mine, gammafunk_ghost_abyssal_escape, serial_shops,
          shop
Orc:2:    pubby_orc_utopia

Skill      XL: |  1  2  3  4  5  6  7  8  9 10 11 12 13 14 15 16 |
---------------+-------------------------------------------------+-----
Long Blades    | 4 5 6 7 8 9 11 13 15 17 20 22 23 24 25 | 25.2
Fighting       | 4 5 6 8 9 10 12 14 15 16 | 16.2
Armour         | 3 5 7 8 9 10 11 12 13 14 | 14.3
Dodging        | 3 4 5 6 7 8 |  8.4
Bows           | 3 6 |  6.0
Evocations     | 4 5 |  5.1

Action                   |  1- 3 |  4- 6 |  7- 9 | 10-12 | 13-15 | 16-18 || total
-------------------------+-------+-------+-------+-------+-------+-------++-------
Melee: Falchion          |    84 |   137 |   236 |    29 |       |       ||   486
       Headbutt          |    10 |    24 |    50 |   109 |   194 |    37 ||   424
       Punch             |     2 |       |     7 |       |       |       ||     9
       Triple sword      |       |       |       |   413 |   718 |    36 ||  1167
       Scimitar          |       |       |       |    66 |    14 |       ||    80
       Great sword       |       |       |       |       |   144 |   142 ||   286
 Fire: Shortbow          |       |       |    92 |    54 |       |       ||   146
Invok: Berserk           |     1 |     3 |     3 |     8 |     8 |     1 ||    24
       Trog's Hand       |       |     1 |     2 |     7 |     8 |     3 ||    21
Evoke: Wand              |       |       |       |     1 |       |       ||     1
  Use: Scroll            |       |     7 |     5 |     6 |    13 |       ||    31
       Potion            |       |       |     1 |     4 |     4 |     1 ||    10
 Stab: Petrified         |       |       |       |       |       |     1 ||     1
Armor: Animal skin       |     6 |       |       |       |       |       ||     6
       Scale mail        |     9 |    48 |   102 |   177 |   197 |    82 ||   615
       Chain mail        |       |       |       |       |   249 |    17 ||   266
Dodge: Dodged            |    50 |    51 |   144 |   430 |   883 |   199 ||  1757

Table legend: (Time is in decaauts)
 A = Elapsed time spent in this place.
 B = Non-inter-level travel time spent in this place.
 C = Inter-level travel time spent in this place.
 D = Time resting spent in this place.
 E = Time spent auto-exploring this place.
 F = Levels seen in this place.
 G = Mean time per level.
                   A        B        C        D        E       F      G
               +--------+--------+--------+--------+--------+-----+--------+
         Total |  28757 |  26256 |   2501 |   1334 |  20133 |  28 | 1027.0 |
       Dungeon |  15783 |  14092 |   1691 |      0 |  12105 |  15 | 1052.2 |
          Lair |   6497 |   5952 |    545 |      0 |   5053 |   6 | 1082.8 |
         Swamp |     44 |     32 |     12 |      0 |      1 |   1 |   44.0 |
    Slime Pits |     11 |      9 |      2 |      0 |      0 |   1 |   11.0 |
  Orcish Mines |   3474 |   3223 |    251 |    638 |   1959 |   2 | 1737.0 |
         Sewer |    306 |    306 |      0 |      0 |    238 |   1 |  306.0 |
        Bailey |   1758 |   1758 |      0 |    454 |    486 |   1 | 1758.0 |
      Ice Cave |    880 |    880 |      0 |    242 |    290 |   1 |  880.0 |
               +--------+--------+--------+--------+--------+-----+--------+

Top non-repeatable levels by time:
   Orc:2: 2828 daAuts
  Bailey: 1758 daAuts
     D:5: 1638 daAuts
  Lair:6: 1558 daAuts
    D:14: 1545 daAuts
    D:12: 1352 daAuts
    D:11: 1333 daAuts
     D:8: 1217 daAuts
    D:15: 1165 daAuts
    D:13: 1160 daAuts
  Lair:3: 1100 daAuts
  Lair:1: 1041 daAuts
  Lair:5: 1017 daAuts
  Lair:2: 1009 daAuts
     D:3: 949 daAuts
